 Dungeon Crawl Stone Soup version 0.26-a0-611-g354ed81502 (webtiles) character file.

Game seed: 6734027175403790289

1243 MrRokkomies the Tainter (level 8, 0/46 HPs)
             Began as an Octopode Venom Mage on Sept 6, 2020.
             Was an Initiate of Gozag.
             Slain by a wight
             ... wielding a cursed +0 great sword
              (7 damage)
             ... on level 6 of the Dungeon.
             The game lasted 00:20:00 (7397 turns).

MrRokkomies the Tainter (Octopode Venom Mage)       Turns: 7397, Time: 00:20:01

Health: 0/46       AC:  1    Str: 14    XL:     8   Next: 50%
Magic:  19/20      EV: 17    Int: 19    God:    Gozag
Gold:   469        SH:  5    Dex: 18    Spells: 5/11 levels left

rFire    . . .     SeeInvis .   a - +1 dagger (drain)
rCold    . . .     Faith    .   (no shield)
rNeg     . . .     Spirit   .   (helmet restricted)
rPois    .         Reflect  +   h - amulet of reflection
rElec    .         Harm     .   k - ring of magical power
rCorr    .                      l - +6 ring of strength
MR       .....                  t - +6 ring of dexterity (curse)
Stlth    ++++......             u - ring of flight
HPRegen  0.15/turn              (no ring)
MPRegen  0.17/turn              (no ring)
                                (no ring)
                                (no ring)

@: gold aura, lightly drained
A: almost no armour, stealthy swim, amphibious, 8 rings, constrict 8, camouflage
1, gelatinous body 1
a: Potion Petition, Call Merchant, Bribe Branch, Renounce Religion, Evoke Flight


You were on level 6 of the Dungeon.
You worshipped Gozag.
Gozag was aware of your devotion.
You visited 2 branches of the dungeon, and saw 7 of its levels.

You collected 559 gold pieces.
You paid 90 gold pieces to Gozag.

Inventory:

Hand Weapons
 a - a +1 dagger of draining (weapon)
 b - a +0 arbalest
 D - the +3 trident of Maymam {protect, rF+}
   (You found it on level 5 of the Dungeon)

   It grants its wielder temporary protection when it strikes (+7 to AC).
   It protects you from fire.
Missiles
 c - 3 curare-tipped darts (quivered)
 f - 105 stones
 m - 17 bolts
 o - 52 sling bullets
Jewellery
 h - an amulet of reflection (around mantle)
 k - a ring of magical power (left tentacle)
 l - a +6 ring of strength (right tentacle)
 t - a cursed +6 ring of dexterity (on tentacle)
 u - a ring of flight (on tentacle)
 x - an uncursed amulet of faith {unknown}
 A - an uncursed ring of protection from cold {unknown}
Wands
 C - a wand of disintegration (7)
Scrolls
 i - 2 scrolls of teleportation
 n - a scroll of blinking
 p - 2 scrolls of enchant armour
 q - 2 scrolls of remove curse
 w - 6 scrolls of fog
 y - a scroll of amnesia
Potions
 d - 2 potions of heal wounds
 e - a potion of resistance
 g - 2 potions of stabbing
 j - 4 potions of flight
 r - 2 potions of invisibility {unknown}
 s - a potion of mutation {unknown}
 v - a potion of magic {unknown}
 z - 2 potions of degeneration {unknown}


   Skills:
 * Level 6.0(5.5) Dodging
 + Level 6.1(5.6) Stealth
 - Level 2.0(1.5) Spellcasting
 - Level 3.0(2.5) Transmutations
 + Level 2.3(1.9) Air Magic
 * Level 8.0(7.5) Poison Magic


You had 5 spell levels left.
You knew the following spells:

 Your Spells              Type           Power        Failure   Level
a - Sting                 Tmut/Pois      ###.         2%          1
b - Poisonous Vapours     Pois/Air       ###...       3%          2
c - Mephitic Cloud        Conj/Pois/Air  ##......     14%         3

Your spell library contained the following spells:

 Spells                   Type           Power        Failure   Level
 Olgreb's Toxic Radiance  Pois           ####....     9%          4
 Ignite Poison            Fire/Tmut/Pois ##......     13%         3


Dungeon Overview and Level Annotations

Branches:
Dungeon (6/15)             Temple (1/1) D:4

Altars:
Ashenzari
Dithmenos
Elyvilon
Fedhas
Gozag
Hepliaklqana
Kikubaaqudgha
Makhleb
Nemelex Xobeh
Okawaru
Qazlal
Ru
Sif Muna
Trog
Uskayaw
Vehumet
Wu Jian
Xom
Yredelemnul
Zin
The Shining One

Annotations:
D:5 4 runed translucent doors


Innate Abilities, Weirdness & Mutations

You cannot wear most types of armour.
You are very stealthy in the water. (Stealth+)
You are amphibious.
You can wear up to eight rings at the same time.
You can use your tentacles to constrict eight enemies at once.
Your skin changes colour to match your surroundings (Stealth+).
Your rubbery body absorbs attacks. (AC +1, EV +1)


Message History

Aiming: Disintegrate
Press: ? - help, Shift-Dir - straight line, f/p - wight
Aim: a wight, wielding a +0 great sword and wearing a +0 robe (lightly damaged, chance to defeat MR: 65%)
The wight struggles to resist.
The wight becomes distracted by the nearby gold, dreaming of imaginary riches. x2
You barely miss the wight.
The wight is no longer distracted by gold.
Your grab misses the wight.
The wight is lightly damaged.
You block the wight's attack.
Evoke which item? (* to show all) (? for menu, Esc to quit)
Aiming: Disintegrate
Press: ? - help, Shift-Dir - straight line, f/p - wight
Aim: a wight, wielding a +0 great sword and wearing a +0 robe (lightly damaged, chance to defeat MR: 65%)
The wight struggles to resist.
The wight hits you with a cursed +0 great sword!!
* * * LOW HITPOINT WARNING * * *
You feel drained.
You die...
Your body crumbles into a pile of gold.

#........
##########.......#
#+###................#
.....................#
.............(.......#
.............(########
.............5z>....##
.............(#.)....#
............(.#z@....#
.....##########..$$>.#
.....+ #...(.## .....#
####### .....# .....#
######


You could see 2 wights and an ufetubus.

Vanquished Creatures
  An ice beast (D:6)
  A necrophage (D:5)
  An ogre (D:5)
  3 centaurs
  A scorpion (D:5)
  A wight (D:6)
  A howler monkey (D:6)
  2 orc priests (D:5)
  3 orc wizards
  A bullfrog skeleton (D:4)
  A hound (D:6)
  2 jellies (D:5)
  An iguana (D:4)
  A worker ant (D:5)
  2 hound zombies
  A hound skeleton (D:5)
  7 gnolls
  7 adders
  2 white imps (D:5)
  An ufetubus (D:5)
  An ooze (D:3)
  2 worms
  2 dart slugs
  6 leopard geckos
  11 orcs
  6 giant cockroaches
  9 goblins
  7 hobgoblins
  6 jackals
  4 quokkas
  A ball python (D:2)
  5 bats
  6 frilled lizards
  A giant cockroach zombie (D:6)
  A jackal skeleton (D:4)
  10 kobolds
  A leopard gecko zombie (D:5)
  A quokka skeleton (D:5)
  7 rats
127 creatures vanquished.

Notes
Turn   | Place    | Note
-------+----------+-------------------------------------------
     0 | D:1      | MrRokkomies the Octopode Venom Mage began the quest for the
                  | Orb.
     0 | D:1      | Reached XP level 1. HP: 11/11 MP: 3/3
   627 | D:1      | Reached XP level 2. HP: 16/17 MP: 5/5
   643 | D:1      | Reached skill level 4 in Poison Magic
  1338 | D:1      | Reached XP level 3. HP: 21/21 MP: 6/6
  2066 | D:2      | Learned a level 2 spell: Poisonous Vapours
  2070 | D:2      | Learned a level 3 spell: Mephitic Cloud
  2348 | D:2      | Reached XP level 4. HP: 27/27 MP: 7/7
  3105 | D:3      | Reached XP level 5. HP: 30/31 MP: 8/8
  3119 | D:3      | Reached skill level 5 in Poison Magic
  3472 | D:3      | You fall into a shaft and drop 2 floors!
  3472 | D:5      | Entered Level 5 of the Dungeon
  4210 | D:4      | Reached XP level 6. HP: 28/36 MP: 9/9
  4607 | D:4      | Found a shattered altar of Ashenzari.
  4845 | D:4      | Found a staircase to the Ecumenical Temple.
  4851 | Temple   | Entered the Ecumenical Temple
  4983 | Temple   | Became a worshipper of Gozag Ym Sagoz the Greedy
  5568 | D:5      | Reached skill level 6 in Poison Magic
  5767 | D:5      | Found a large runed translucent door.
  5803 | D:5      | Reached XP level 7. HP: 31/41 MP: 10/10
  6050 | D:5      | Found a large runed translucent door.
  6050 | D:5      | Found a large runed translucent door.
  6051 | D:5      | Noticed a hippogriff
  6186 | D:5      | Found a large runed translucent door.
  6233 | D:5      | Reached skill level 5 in Stealth
  6366 | D:5      | Reached skill level 5 in Dodging
  6366 | D:5      | Reached skill level 1 in Air Magic
  6680 | D:5      | Reached skill level 7 in Poison Magic
  6774 | D:5      | Reached XP level 8. HP: 46/46 MP: 11/11
  6885 | D:5      | Got a scorched trident
  6886 | D:5      | Identified the +3 trident of Maymam {protect, rF+} (You
                  | found it on level 5 of the Dungeon)
  7393 | D:6      | Reached skill level 8 in Poison Magic
  7397 | D:6      | Slain by a wight

Illustrated notes

Levels and vault maps discovered:
D:1:      kilobyte_arrival_exit_the_forest, layout_rooms, serial_curves,
          eino_curves_04, eino_curves_02, eino_curves_02
D:2:      layout_basic, grunt_ministairs_15
D:3:      layout_rooms
D:4:      layout_loops_corners, minmay_temple_entry_hall, ashenzari_altar_1
D:5:      layout_loops_ring, corexii_item_surrounded_by_moat,
          minmay_hollow_rounded_squares
D:6:      layout_gridville, dk_noncrumbling_3, bloody_makhleb
Temple:   kilobyte_greek_temple

Skill      XL: |  1  2  3  4  5  6  7  8 |
---------------+-------------------------+-----
Poison Magic   | 4 5 6 7 8 |  8.0
Stealth        | 3 4 5 6 |  6.1
Dodging        | 3 4 5 6 |  6.0
Transmutations | 2 3 |  3.0
Air Magic      | 1 2 |  2.3
Spellcasting   | |  2.0

Action                   |  1- 3 |  4- 6 |  7- 9 || total
-------------------------+-------+-------+-------++-------
Melee: Dagger            |    94 |   129 |    49 ||   272
       Unarmed           |     4 |       |       ||     4
       Constrict         |    26 |    29 |     9 ||    64
       Tentacles         |    10 |    27 |    12 ||    49
       Rapier            |       |       |    11 ||    11
 Fire: Arbalest          |       |       |     4 ||     4
 Cast: Sting             |    11 |    35 |    10 ||    56
       Poisonous Vapours |     1 |     4 |    16 ||    21
Evoke: Wand              |       |       |     9 ||     9
  Use: Scroll            |       |    10 |     2 ||    12
       Potion            |       |       |     1 ||     1
 Stab: Sleeping          |     7 |    13 |     7 ||    27
       Distracted        |       |     1 |       ||     1
Armor: Skin              |    10 |     5 |     4 ||    19
Dodge: Dodged            |    73 |    86 |    71 ||   230
Block: Other             |    17 |    25 |    20 ||    62
       Reflection        |     2 |     1 |     1 ||     4

Table legend: (Time is in decaauts)
 A = Elapsed time spent in this place.
 B = Non-inter-level travel time spent in this place.
 C = Inter-level travel time spent in this place.
 D = Time resting spent in this place.
 E = Time spent auto-exploring this place.
 F = Levels seen in this place.
 G = Mean time per level.
                   A        B        C        D        E       F      G
               +--------+--------+--------+--------+--------+-----+--------+
         Total |   7397 |   7131 |    266 |    828 |   5211 |   7 | 1056.7 |
       Dungeon |   7230 |   6998 |    232 |    828 |   5083 |   6 | 1205.0 |
        Temple |    166 |    132 |     34 |      0 |    128 |   1 |  166.0 |
               +--------+--------+--------+--------+--------+-----+--------+

Top non-repeatable levels by time:
     D:1: 1849 daAuts
     D:5: 1821 daAuts
     D:3: 1203 daAuts
     D:4: 1115 daAuts
     D:2: 1033 daAuts
     D:6: 207 daAuts
  Temple: 166 daAuts
